 Dungeon Crawl Stone Soup version 0.31-a0-879-g1609e0ac53 (webtiles) character file.

Game seed: 13691574611589075662

372 Kurtz the Sneak (level 6, -2/56 HPs)
             Began as a Naga Delver on Oct 14, 2023.
             Was an Initiate of Gozag.
             Killed by nerve-wracking pain
             ... invoked by Menkaure
              (7 damage)
             ... on level 4 of the Dungeon.
             The game lasted 00:07:25 (4148 turns).

Kurtz the Sneak (Naga Delver)                       Turns: 4148, Time: 00:07:26

Health: -2/56      AC:  7    Str: 16    XL:     6   Next: 71%
Magic:  6/6        EV:  2    Int: 11    God:    Gozag
Gold:   613        SH:  0    Dex: 12    Spells: 5/5 levels left

rFire   + . .        a - +1 hand axe
rCold   + + .        (no shield)
rNeg    . . .        p - +0 plate armour
rPois   +            (no helmet)
rElec   +            (no cloak)
rCorr   +            (no gloves)
SInv    +            (no barding)
Will    .....        (no amulet) Stlth
                     h - ring of protection from cold
HPRegen 0.29/turn    (no ring)
MPRegen 0.10/turn

%: no passive effects
@: resistant, attractive, invisible, very slow
A: AC +2, large, see invisible, deformed body, poison resistance, slowness 2,
spit poison 1, naga tail 1
a: Spit Poison, Renounce Religion, Potion Petition, Call Merchant, Bribe Branch


You were on level 4 of the Dungeon.
You worshipped Gozag.
Gozag was pleased with you.
You visited 2 branches of the dungeon, and saw 6 of its levels.

You collected 617 gold pieces.
You paid 4 gold pieces to Gozag.

Inventory:

Hand Weapons
 a - a +1 hand axe (weapon)
Missiles
 u - 2 javelins (quivered)
Armour
 b - a +0 leather armour
 k - a +0 tower shield
 o - a +0 ring mail
 p - a +0 plate armour (worn)
Jewellery
 h - a ring of protection from cold (left hand)
Wands
 g - a wand of digging (3)
Scrolls
 c - 2 scrolls of fog
 d - a scroll of revelation
 e - a scroll of fear
 f - a scroll of enchant weapon
 q - a scroll of teleportation {unknown}
 s - a scroll of blinking {unknown}
Potions
 i - a potion of curing
 j - a potion of degeneration
 n - a potion of attraction
 t - a potion of mutation {unknown}


   Skills:
 + Level 3.5 Fighting
 * Level 6.3 Axes
 - Level 1.5 Dodging
 - Level 7.2 Stealth
 * Level 1.4 Shields


You had 5 spell levels left.
You didn't know any spells.
Your spell library contained the following spells:

 Spells                   Type           Power      Damage    Failure   Level
 Ensorcelled Hibernation  Hex/Ice        0%         N/A       100%        2
 Jinxbite                 Hex            0%         N/A       100%        2
 Anguish                  Hex/Necr       0%         N/A       100%        4


Dungeon Overview and Level Annotations

Branches:
Dungeon (5/15)             Temple (1/1) D:5

Altars:
Ashenzari
Cheibriados
Dithmenos
Elyvilon
Fedhas
Gozag
Hepliaklqana
Makhleb
Nemelex Xobeh
Qazlal
Sif Muna
Trog
Uskayaw
Vehumet
Wu Jian
Xom
Yredelemnul
Zin
The Shining One

Annotations:
D:4 Menkaure


Innate Abilities, Weirdness & Mutations

Your serpentine skin is tough. (AC +2)
You have supernaturally acute eyesight. (SInv)
Armour fits poorly on your strangely shaped body.
Your system is resistant to poisons. (rPois)
You cover ground very slowly.
You can spit poison.
You have a snake-like lower body.


Message History

HP restored.
You now have 613 gold pieces (gained 7).
There is a large open door, spattered with blood here.
There is a large open door, spattered with blood here.
Menkaure, Prince of Dust comes into view.
Menkaure shouts!
Menkaure casts a spell.
Menkaure seems to speed up.
Okay, then.
As you read the scroll labelled QAFYAKKI SAITZ, it crumbles to dust.
It is a scroll of enchant weapon.
Your +0 hand axe glows red for a moment.
As you read the scroll labelled KIENAN ZAHU, it crumbles to dust.
It is a scroll of identify.
i - a potion of curing
As you read the scroll of identify, it crumbles to dust.
j - a potion of degeneration It was a potion of invisibility.
You fade into invisibility!
Menkaure is nearby!
Menkaure hits you!
You hit Menkaure.
Menkaure is lightly damaged.
Menkaure hits you!
You hit Menkaure. You punch Menkaure, but do no damage.
Menkaure is lightly damaged.
Menkaure hits you!!
* * * LOW HITPOINT WARNING * * *
It was a potion of attraction.
You feel attractive to monsters. Menkaure hits you!
* * * LOW HITPOINT WARNING * * *
Menkaure hits you.
* * * LOW HITPOINT WARNING * * *
It was a potion of resistance.
You feel protected.
Menkaure gestures at you while chanting.
Pain shoots through your body!
You die...
Your body crumbles into a pile of gold.

##########
##........#
#..#......######
###''###.........#
#~~..~~#.........#
#~#..#~#.........#
#~.##.~####@.....#
#~.##.~###.M######
#~#..#~#....##
#~~~~~~#..(..##
########......#
.............#
.............#
.............#
.............#


You could see Menkaure (fast).

Vanquished Creatures
  A phantom (D:4)
  2 scorpions
  A hound (D:4)
  4 adders
  3 gnolls
  3 worms
  2 dart slugs
  4 bats
  12 endoplasms
  3 giant cockroaches
  5 goblins
  10 hobgoblins
  4 jackals (D:1)
  5 kobolds
  A quokka (D:2)
  4 ball pythons
  6 frilled lizards
  6 rats
76 creatures vanquished.

Vanquished Creatures (collateral kills)
  A hobgoblin (D:2)
1 creature vanquished.

Grand Total: 77 creatures vanquished

Notes
Turn   | Place    | Note
-------+----------+-------------------------------------------
     0 | D:5      | Kurtz the Naga Delver began the quest for the Orb.
     0 | D:5      | Reached XP level 1. HP: 21/21 MP: 1/1
     0 | D:5      | Found a staircase to the Ecumenical Temple.
    55 | D:5      | Noticed a scorpion
    63 | D:5      | Killed a scorpion
    64 | D:5      | Reached XP level 2. HP: 19/28 MP: 2/2
    64 | D:5      | Reached XP level 3. HP: 23/34 MP: 3/3
    64 | D:5      | Reached XP level 4. HP: 28/42 MP: 4/4
    67 | Temple   | Entered the Ecumenical Temple
   176 | Temple   | Became a worshipper of Gozag Ym Sagoz the Greedy
  2006 | D:2      | Reached XP level 5. HP: 49/49 MP: 5/5
  2225 | D:1      | Reached skill level 5 in Axes
  3536 | D:4      | Reached skill level 1 in Shields
  3542 | D:4      | Reached XP level 6. HP: 22/56 MP: 6/6
  4134 | D:4      | Noticed Menkaure
  4148 | D:4      | Killed from afar by Menkaure

Illustrated notes

Levels and vault maps discovered:
D:1:      dpeg_arrival_round_b, layout_loops_corners,
          minmay_misc_feat_nine_boxes
D:2:      layout_rooms, minmay_curled_crystal
D:3:      layout_loops_corners
D:4:      layout_rooms, grunt_ministairs_6, kennysheep_generic_room_15,
          uniq_menkaure
D:5:      layout_loops_cross, minmay_temple_entry_tees, serial_bayou_pond_e,
          nicolae_zen_rock_garden, nicolae_underground_beach
Temple:   compressed_dpeg_triangle_lava_temple

Skill      XL: |  1  2  3  4  5  6 |
---------------+-------------------+-----
Axes           | 4 5 6 |  6.3
Shields        | 1 |  1.4
Fighting       | |  3.5
Dodging        | |  1.5
Stealth        | |  7.2

Action                     |  1- 3 |  4- 6 || total
---------------------------+-------+-------++-------
  Melee: Hand axe          |     1 |   275 ||   276
         Punch             |       |     5 ||     5
  Throw: Javelin           |       |     2 ||     2
Ability: Spit Poison       |     2 |     8 ||    10
    Use: Scroll            |       |     4 ||     4
         Potion            |       |     4 ||     4
   Stab: Sleeping          |       |     8 ||     8
 Armour: Leather armour    |     1 |    56 ||    57
         Ring mail         |       |    22 ||    22
         Plate armour      |       |   154 ||   154
  Dodge: Dodged            |       |    64 ||    64

Table legend: (Time is in decaauts)
 A = Elapsed time spent in this place.
 B = Non-inter-level travel time spent in this place.
 C = Inter-level travel time spent in this place.
 D = Time resting spent in this place.
 E = Time spent auto-exploring this place.
 F = Levels seen in this place.
 G = Mean time per level.
                   A        B        C        D        E       F      G
               +--------+--------+--------+--------+--------+-----+--------+
         Total |   5135 |   4753 |    382 |    827 |   2785 |   6 |  855.8 |
       Dungeon |   5004 |   4676 |    328 |    782 |   2785 |   5 | 1000.8 |
        Temple |    131 |     78 |     53 |     45 |      0 |   1 |  131.0 |
               +--------+--------+--------+--------+--------+-----+--------+

Top non-repeatable levels by time:
     D:1: 1696 daAuts
     D:3: 1344 daAuts
     D:2: 1165 daAuts
     D:4: 623 daAuts
     D:5: 173 daAuts
  Temple: 131 daAuts
